AoeStats
← George Fentanjahu

African Clearing

506176355Analyzed
3v3 RM · 19d ago on Sep 12, 2026· 64m 11s· 6 players
Game mode
Random Map
Map size
Normal (6 player)
Population
200
Speed
Normal
Resources
Standard
Victory
Conquest
Starting age
Dark Age
Ending age
Imperial Age
RankedLock teamsTeams togetherTeam positionsShared explorationLock speedFull tech treeHidden civsTurbo modeCheats
Victory
Defeat
🇺🇸 Japanese · United States
1034
+12
🇺🇸 Magyars · United States
963
+15
🇺🇸 Franks · United States
952
+46
🇳🇴 Koreans · Norway
981
-16
🇵🇱 Huns · Poland
950
-14
🇵🇱 Britons · Poland
924
-13
Kazule
8:09 Loom
13:17 Feudal Age
18:03 Bloodlines
19:19 Scale Barding Armor
20:30 Horse Collar
20:38 Double-Bit Axe
24:22 Castle Age
25:01 Fletching
27:30 Bodkin Arrow
36:02 Horse Collar
38:17 Wheelbarrow
37:28 Town Watch
39:43 Hand Cart
42:09 Heavy Plow
43:36 Bow Saw
46:03 Imperial Age
46:45 Ballistics
46:14 Heavy Cavalry Archer
47:19 Parthian Tactics
46:58 Bracer
46:59 Padded Archer Armor
47:02 Recurve Bow
47:32 Corvinian Army
47:54 Conscription
48:58 Gold Mining
48:59 Stone Mining
48:41 Capped Ram
50:19 Thumb Ring
51:53 Chemistry
56:30 Elite Magyar Huszar
58:24 Chain Barding Armor
62:36 Spies/Treason
ClevsTheDevs
13:29 Feudal Age
11:49 Loom
13:34 Feudal Age
16:22 Man-at-Arms
17:08 Scale Mail Armor
17:20 Forging
17:08 Double-Bit Axe
23:02 Horse Collar
25:46 Wheelbarrow
30:22 Castle Age
32:59 Long Swordsman
33:44 Squires
34:03 Chain Mail Armor
35:39 Heavy Plow
36:34 Bow Saw
36:36 Pikeman
37:04 Gambesons
37:59 Iron Casting
40:29 Fletching
40:40 Padded Archer Armor
43:54 Imperial Age
42:34 Elite Skirmisher
44:48 Hand Cart
45:36 Two-Man Saw
44:36 Gold Mining
46:20 Bodkin Arrow
46:42 Leather Archer Armor
46:37 Town Watch
46:37 Halberdier
47:22 Bracer
50:57 Ring Archer Armor
53:34 Ballistics
54:17 Chemistry
lakiddid
15:24 Feudal Age
36:18 Castle Age
54:11 Castle Age
55:50 Husbandry
57:13 Scale Barding Armor
57:23 Forging
59:50 Chain Barding Armor
George Fentanjahu
8:22 Loom
13:37 Feudal Age
15:15 Horse Collar
16:17 Wheelbarrow
17:04 Forging
16:55 Scale Mail Armor
20:45 Double-Bit Axe
20:52 Gold Mining
23:55 Fletching
24:05 Padded Archer Armor
29:28 Castle Age
29:24 Bloodlines
32:12 Elite Skirmisher
48:25 Heavy Plow
48:56 Husbandry
54:27 Hand Cart
hyp3
7:19 Loom
12:59 Feudal Age
14:17 Horse Collar
15:28 Wheelbarrow
18:40 Fletching
21:24 Scale Barding Armor
23:09 Forging
35:55 Castle Age
39:13 Light Cavalry
39:54 Husbandry
41:46 Iron Casting
43:16 Hand Cart
44:00 Chain Barding Armor
53:47 Bodkin Arrow
55:33 Town Watch
Palm Beach Pete
16:18 Feudal Age
20:05 Double-Bit Axe
20:02 Horse Collar
21:04 Man-at-Arms
24:54 Padded Archer Armor
24:44 Fletching
25:57 Gold Mining
30:02 Castle Age
28:08 Stone Mining
30:29 Crossbowman
32:10 Leather Archer Armor
31:50 Bodkin Arrow
33:28 Ballistics
35:59 Murder Holes
36:57 Heavy Plow
37:09 Bow Saw
37:36 Gold Shaft Mining
44:12 Imperial Age
41:38 Town Watch
42:29 Wheelbarrow
41:39 Loom
44:07 Hand Cart
43:52 Town Patrol
43:58 Town Patrol
44:58 Arbalester
46:33 Ring Archer Armor
46:16 Bracer
51:50 Elite Longbowman
54:33 Light Cavalry
55:16 Husbandry
Connection lost

Rejoining the realm…

Still unreachable

The connection could not be restored.

Session expired

The server has moved on; the page needs a fresh start.